 Dungeon Crawl Stone Soup version 0.29-a0-565-g7a16c6de65 (webtiles) character file.

Game seed: 10979894697566776723

101 Bruhh the Ruffian (level 4, -14/41 HPs)
             Began as a Troll Gladiator on June 12, 2022.
             Demolished by a quicksilver dragon (16 damage)
             ... on level 1 of the Abyss.
             The game lasted 00:01:48 (2029 turns).

Bruhh the Ruffian (Troll Gladiator)                 Turns: 2029, Time: 00:01:49

Health: -14/41     AC:  4    Str: 24    XL:     4   Next: 48%
Magic:  3/3        EV: 10    Int:  4    God:
Gold:   132        SH:  0    Dex: 17    Spells: 3/3 levels left

rFire   . . .      SeeInvis .     - Unarmed
rCold   . . .      Faith    .   (no shield)
rNeg    + . .      Spirit   .   a - +0 robe
rPois   .          Reflect  .   b - +0 hat
rElec   .          Harm     .   (no cloak)
rCorr   .          Rampage  .   (gloves unavailable)
Will    .....                   (boots unavailable)
Stlth   ++........              (no amulet)
HPRegen 0.93/turn               f - ring of positive energy
MPRegen 0.08/turn               m - +6 ring of dexterity

@: invisible
A: large, unfitting armour, claws 3, regeneration 1, shaggy fur 1, tough skin 1
a: no special abilities


You were on level 1 of the Abyss.
You visited 1 branch of the dungeon, and saw 3 of its levels.
You visited the Abyss 1 time.

You collected 132 gold pieces.

Inventory:

Missiles
 c - 3 throwing nets (quivered)
 d - a large rock
Armour
 a - a +0 robe (worn)
 b - a +0 hat (worn)
Jewellery
 f - a ring of positive energy (left claw)
 m - a +6 ring of dexterity (right claw)
Scrolls
 e - a scroll of silence {unknown}
 i - a scroll of enchant armour {unknown}
 j - a scroll of poison {unknown}
 k - 3 scrolls of identify {unknown}
 l - a scroll of torment {unknown}
 n - a scroll of blinking {unknown}
Potions
 h - a potion of curing {unknown}


   Skills:
 - Level 1.5 Fighting
 - Level 1.7 Throwing
 - Level 2.4 Dodging
 + Level 5.3 Unarmed Combat


You had 3 spell levels left.
You didn't know any spells.
Your spell library contained the following spells:

 Spells                   Type           Power      Damage    Failure   Level
 Beastly Appendage        Tmut           0%         N/A       50%         1
 Sting                    Tmut/Pois      0%         1d3       50%         1
 Poisonous Vapours        Pois/Air       0%         N/A       65%         2
 Wereblood                Tmut           0%         N/A       65%         2
 Spider Form              Tmut/Pois      0%         N/A       86%         3
 Olgreb's Toxic Radiance  Pois           0%         N/A       99%         4


Dungeon Overview and Level Annotations

Branches:
Dungeon (3/15)

Altars:


Innate Abilities, Weirdness & Mutations

You are too large for most types of armour.
You have claws for hands.
Your natural rate of healing is unusually fast.
You are covered in fur. (AC +1)
You have tough skin. (AC +1)


Message History

You kill the orc priest!
You closely miss the orc. The orc barely misses you.
You scratch the orc but do no damage.
The orc hits you with a +2 whip of distortion.
You barely miss the orc.
The orc hits you with a +2 whip of distortion.
You are cast into the Abyss!
This branch contains the abyssal rune of Zot.
You feel agile.
m - a +6 ring of dexterity (right claw)
Found a gateway leading deeper into the Abyss.
There is a gateway leading deeper into the Abyss here.
You open the door.
There is an open door here.
A quicksilver dragon comes into view.
As you read the scroll labelled DIRIFI VOSKYNG, it crumbles to dust.
You feel strangely unstable.
You feel the power of the Abyss delaying your translocation!
It was a scroll of teleportation.
Okay, then.
The quicksilver dragon breathes dispelling energy at you.
The bolt of dispelling energy hits you!!
You feel strangely stable.
Ouch! That really hurt!
You hear a roar!
Attack: -) Claws
Press: ? - help, Dir - move target, f - quicksilver dragon
Aim: a quicksilver dragon (catching its breath, about 52% to evade your claws)
Your weapon can't reach that far!
Okay, then.
The quicksilver dragon breathes dispelling energy at you.
The bolt of dispelling energy hits you!!
Ouch! That really hurt!
* * * LOW HITPOINT WARNING * * *
It was a potion of invisibility.
You fade into invisibility!
The quicksilver dragon bites you.
* * * LOW HITPOINT WARNING * * *
The quicksilver dragon claws you!
You die...

#........##
.......#
#######.........#
#............... #
#.........#......#
#.....#....###..##
#..........# .#
#....D.....# .
#....@....##
###########


You could see a quicksilver dragon.

Vanquished Creatures
  An orc priest (D:3)
  4 adders (D:2)
  A worm (D:2)
  A dart slug (D:2)
  An orc (D:3)
  4 endoplasms
  A hobgoblin (D:1)
  4 jackals (D:1)
  2 quokkas (D:1)
  3 ball pythons
  5 bats
  3 frilled lizards
  2 kobolds (D:1)
  2 rats (D:2)
34 creatures vanquished.

Vanquished Creatures (others)
  2 plants (D:1)
  6 withered plants (D:1)
8 creatures vanquished.

Grand Total: 42 creatures vanquished

Notes
Turn   | Place    | Note
-------+----------+-------------------------------------------
     0 | D:1      | Bruhh the Troll Gladiator began the quest for the Orb.
     0 | D:1      | Reached XP level 1. HP: 19/19 MP: 0/0
   214 | D:1      | Reached XP level 2. HP: 23/27 MP: 1/1
   512 | D:1      | Found a faded altar of an unknown god.
   933 | D:2      | Reached skill level 4 in Unarmed Combat
  1001 | D:2      | Reached XP level 3. HP: 25/33 MP: 2/2
  1628 | D:2      | Reached XP level 4. HP: 38/41 MP: 3/3
  1938 | D:3      | Reached skill level 5 in Unarmed Combat
  1973 | D:3      | Cast into level 1 of the Abyss (orc)
  2014 | Abyss:1  | Noticed a quicksilver dragon
  2028 | Abyss:1  | HP: 2/41 [quicksilver dragon/bolt of dispelling energy
                  | (21)]
  2029 | Abyss:1  | Demolished by a quicksilver dragon

Illustrated notes

Levels and vault maps discovered:
D:1:      minmay_arrival_stair_chambers, layout_basic,
          shapermc_ecumenical_altar_flowoftime, minivault_26, nrook_uturn,
          hangedman_decor_peaks_small
D:2:      layout_basic, corexii_corridor_pit
D:3:      layout_loops_corners, minmay_overflow_temple_star_hex, minivault_27,
          uniq_jessica
Abyss:1:  base:
D:1

Skill      XL: |  1  2  3  4 |
---------------+-------------+-----
Unarmed Combat | 4 5 |  5.3
Fighting       | |  1.5
Throwing       | |  1.7
Dodging        | |  2.4

Action                   |  1- 3 |  4- 6 || total
-------------------------+-------+-------++-------
Melee: Unarmed           |    90 |     9 ||    99
       Punch             |     3 |     1 ||     4
  Use: Scroll            |       |     1 ||     1
       Potion            |       |     1 ||     1
 Stab: Sleeping          |     1 |       ||     1
Armor: Robe              |    44 |     1 ||    45
Dodge: Dodged            |    51 |     3 ||    54

Table legend: (Time is in decaauts)
 A = Elapsed time spent in this place.
 B = Non-inter-level travel time spent in this place.
 C = Inter-level travel time spent in this place.
 D = Time resting spent in this place.
 E = Time spent auto-exploring this place.
 F = Levels seen in this place.
 G = Mean time per level.
                   A        B        C        D        E       F      G
               +--------+--------+--------+--------+--------+-----+--------+
         Total |   2020 |   1911 |    109 |      0 |   1627 |   4 |  505.0 |
       Dungeon |   1965 |   1856 |    109 |      0 |   1627 |   3 |  655.0 |
         Abyss |     55 |     55 |      0 |      0 |      0 |   1 |   55.0 |
               +--------+--------+--------+--------+--------+-----+--------+

Top non-repeatable levels by time:
     D:2: 1028 daAuts
     D:1: 896 daAuts
 Abyss:1: 55 daAuts
     D:3: 40 daAuts
